 Dungeon Crawl Stone Soup version 0.27.0-1-g7a089689b8 (webtiles) character file.

Game seed: 1898104549715510292

62 Descartes the Ruffian (level 3, -12/36 HPs)
             Began as a Troll Chaos Knight on Aug 1, 2021.
             Was a Plaything of Xom.
             Mangled by Sigmund (15 damage)
             ... on level 2 of the Dungeon.
             The game lasted 00:01:34 (925 turns).

Descartes the Ruffian (Troll Chaos Knight)           Turns: 925, Time: 00:01:34

Health: -12/36     AC:  6    Str: 20    XL:     3   Next: 85%
Magic:  2/2        EV: 10    Int:  8    God:    Xom [..*...]
Gold:   67         SH:  0    Dex: 10    Spells: 2/2 levels left

rFire    . . .     SeeInvis .     - Unarmed
rCold    . . .     Faith    .   (no shield)
rNeg     . . .     Spirit   .   a - +2 robe
rPois    .         Reflect  .   (helmet restricted)
rElec    .         Harm     .   (no cloak)
rCorr    .         Rampage  .   (gloves unavailable)
Will     .....                  (boots unavailable)
Stlth    +.........             (no amulet)
HPRegen  1.12/turn              (no ring)
MPRegen  0.08/turn              (no ring)

@: no status effects
A: large, unfitting armour, claws 3, regeneration 1, shaggy fur 1, tough skin 1
a: Renounce Religion


You were on level 2 of the Dungeon.
You worshipped Xom.
You were a toy of Xom.
You visited 1 branch of the dungeon, and saw 2 of its levels.

You collected 67 gold pieces.

Inventory:

Armour
 a - a +2 robe (worn)
Jewellery
 b - a ring of protection from cold
Wands
 f - a wand of acid (11)
Scrolls
 c - a scroll of fear {unknown}
 g - a scroll of torment {unknown}
Potions
 d - a potion of mutation {unknown}
 e - a potion of magic {unknown}
 h - a potion of degeneration {unknown}
 i - a potion of flight {unknown}


   Skills:
 - Level 2.4 Fighting
 + Level 2.9 Dodging
 + Level 4.0 Unarmed Combat


You had 2 spell levels left.
You didn't know any spells.
Your spell library contained the following spells:

 Spells                   Type           Power      Damage    Failure   Level
 Slow                     Hex            0%         N/A       54%         2
 Confusing Touch          Hex            0%         N/A       78%         3
 Portal Projectile        Hex/Tloc       0%         N/A       78%         3
 Vampiric Draining        Necr           0%         2d6       78%         3
 Fulminant Prism          Conj/Hex       0%         3d6       99%         4
 Silence                  Hex/Air        0%         N/A       100%        5
 Disjunction              Tloc           0%         N/A       100%        8


Dungeon Overview and Level Annotations

Branches:
Dungeon (2/15)

Altars:

Annotations:
D:2 Sigmund


Innate Abilities, Weirdness & Mutations

You are too large for most types of armour.
You have claws for hands.
Your natural rate of healing is unusually fast.
You are covered in fur. (AC +1)
You have tough skin. (AC +1)


Message History

You bump into the rock wall.
Sigmund gestures at you while chanting. You resist with significant effort.
You bump into the rock wall.
Sigmund casts a spell at you.
You are more confused.
A hobgoblin comes into view.
The hobgoblin shouts!
Sigmund gestures wildly while chanting.
Sigmund flickers and vanishes!
Deactivating autopickup; reactivate with Ctrl-A.
You see here a +0 ring mail.
You're too confused to move!
You bump into the rock wall.
You're too confused to move!
You bump into the rock wall.
Something hits you!
You feel less confused.
You hear some strange, mumbled words.
A puff of flame appears from out of thin air!
The puff of flame hits you!
You closely miss something. Something hits you.
You scratch something but do no damage. Something hits you.
You scratch something. You miss something. Something hits you.
* * * LOW HITPOINT WARNING * * *
You miss something. Something hits you.
* * * LOW HITPOINT WARNING * * *
You miss something. Something hits you.
* * * LOW HITPOINT WARNING * * *
You scratch something.
You hear some strange, mumbled words.
A magic dart appears from out of thin air!
The magic dart hits you but does no damage.
You closely miss something. Something hits you.
* * * LOW HITPOINT WARNING * * *
You barely miss something. Something hits you.
* * * LOW HITPOINT WARNING * * *
You closely miss something. Something hits you!
You die...
Xom howls with laughter!

#.........# #.#
.########.# #.# .# #.#
#.# .# ##.## #.#
.#######...#####.#
.##..............#
....####...#####.######.#
.#### ##.## #.{g.....#
#########.######@########
. ...............#
#########........#
##########


You could see a hobgoblin.

Vanquished Creatures
  A gnoll (D:1)
  2 adders (D:2)
  A worm (D:2)
  A dart slug (D:1)
  7 ball pythons
  3 endoplasms
  3 hobgoblins
  4 quokkas (D:1)
  3 bats
  A frilled lizard (D:1)
  A goblin (D:2)
  A kobold (D:1)
  3 rats
31 creatures vanquished.

Notes
Turn   | Place    | Note
-------+----------+-------------------------------------------
     0 | D:1      | Descartes the Troll Chaos Knight began the quest for the
                  | Orb.
     0 | D:1      | Reached XP level 1. HP: 22/22 MP: 0/0
    47 | D:1      | Found a faded altar of an unknown god.
    61 | D:1      | XOM: silly message
    72 | D:1      | XOM: potion effect (brilliance)
   109 | D:2      | Reached XP level 2. HP: 29/29 MP: 1/1
   144 | D:1      | XOM: divination: detect creatures
   238 | D:1      | Reached XP level 3. HP: 35/36 MP: 2/2
   322 | D:1      | XOM is BORED!
   610 | D:2      | Reached skill level 4 in Unarmed Combat
   620 | D:2      | Got the Volume of Quantum Hexes
   901 | D:2      | Noticed Sigmund
   925 | D:2      | Mangled by Sigmund

Illustrated notes

Levels and vault maps discovered:
D:1:      heliophobic_arrival_battle_scene, layout_basic, basic_ecumenical_altar
D:2:      layout_loops_ring, uniq_terence, uniq_sigmund

Skill      XL: |  1  2  3 |
---------------+----------+-----
Dodging        | 2 |  2.9
Unarmed Combat | 4 |  4.0
Fighting       | |  2.4

Action                   || total
-------------------------++-------
Melee: Unarmed           ||    86
Armor: Robe              ||    36
Dodge: Dodged            ||    37
